 Dungeon Crawl Stone Soup version 0.27-a0-1528-g90fbb72469 (webtiles) character file.

Game seed: 5818361901696486768

87 Froggeryz the Firebug (level 4, -7/30 HPs)
             Began as a Mummy Fire Elementalist on July 11, 2021.
             Was a Believer of Kikubaaqudgha.
             Killed by divine providence
             ... invoked by an orc priest
              (10 damage)
             ... on level 4 of the Dungeon.
             The game lasted 00:03:29 (3013 turns).

Froggeryz the Firebug (Mummy Fire Elementalist)     Turns: 3013, Time: 00:03:29

Health: -7/30      AC:  3    Str: 11    XL:     4   Next: 28%
Magic:  5/8        EV: 12    Int: 15    God:    Kikubaaqudgha [**....]
Gold:   126        SH:  0    Dex: 12    Spells: 7/8 levels left

rFire    x . .     SeeInvis .   b - staff of poison
rCold    + . .     Faith    .   (no shield)
rNeg     + + +     Spirit   .   a - +0 robe
rPois    ∞         Reflect  .   (no helmet)
rElec    .         Harm     .   (no cloak)
rCorr    .         Rampage  .   (no gloves)
Will     .....                  e - +0 pair of boots
Stlth    +.........             (no amulet)
HPRegen  0.10/turn              (no ring)
MPRegen  0.11/turn              (no ring)

@: confused
A: cold resistance 1, negative energy resistance 3, torment resistance 2, heat
vulnerability 1, no potions
a: Renounce Religion, Receive Corpses


You were on level 4 of the Dungeon.
You worshipped Kikubaaqudgha.
Kikubaaqudgha was pleased with you.
You visited 2 branches of the dungeon, and saw 4 of its levels.

You collected 126 gold pieces.

Inventory:

Armour
 a - a +0 robe (worn)
 e - a +0 pair of boots (worn)
Magical Staves
 b - a staff of poison (weapon)
Scrolls
 c - a scroll of teleportation {unknown}
 d - 7 scrolls of identify {unknown}
 f - a scroll of noise {unknown}


   Skills:
 - Level 1.5 Dodging
 - Level 1.5 Stealth
 - Level 2.6 Spellcasting
 - Level 0.7 Conjurations
 * Level 4.2 Fire Magic


You had 7 spell levels left.
You knew the following spells:

 Your Spells              Type           Power      Damage    Failure   Level
a - Foxfire               Conj/Fire      36%        2x1d5     8%          1

Your spell library contained the following spells:

 Spells                   Type           Power      Damage    Failure   Level
 Animate Skeleton         Necr           4%         N/A       21%         1
 Pain                     Necr           8%         1d4       21%         1
 Conjure Flame            Conj/Fire      9%         6-21      22%         3
 Inner Flame              Hex/Fire       8%         N/A       26%         3
 Corpse Rot               Necr/Air       N/A        N/A       30%         2
 Vampiric Draining        Necr           1%         2d6       52%         3
 Sticky Flame             Conj/Fire      9%         2d3       58%         4
 Fireball                 Conj/Fire      4%         3d4       90%         5


Dungeon Overview and Level Annotations

Branches:
Dungeon (4/15)             Temple (1/1) D:4

Altars:
Dithmenos
Kikubaaqudgha
Makhleb
Nemelex Xobeh
Okawaru
Qazlal
Ru
Sif Muna
Trog
Wu Jian
Xom
Yredelemnul


Innate Abilities, Weirdness & Mutations

You are immune to poison.
Your flesh is cold resistant. (rC+)
You are immune to negative energy. (rN+++)
You are immune to unholy pain and torment.
You are vulnerable to heat. (rF-)
You do not drink.


Message History

The foxfire hits something.
The orc wizard hits you but does no damage.
Something hits you.
You hit the orc wizard but do no damage.
The orc wizard casts a spell at you.
You are confused.
Something hits you but does no damage.
The orc wizard hits you with a +0 dagger.
You're too confused to cast spells.
Okay, then.
You bump into the rock wall.
An orc priest comes into view. It is wielding a +0 hand axe.
You hear some strange, mumbled words.
You are more confused.
Your magical contamination has completely faded away.
You closely miss the orc wizard.
The orc priest casts a cantrip, but nothing happens.
Something hits you.
The orc wizard hits you but does no damage.
You hear some strange, mumbled words.
Something tries to affect you, but you resist.
A ball python comes into view.
The orc wizard hits you with a +0 dagger.
The ball python hisses angrily.
You bump into the rock wall.
Something hits you.
You bump into the rock wall.
You hear some strange, mumbled words.
A magic dart appears from out of thin air!
The magic dart hits you!
* * * LOW HITPOINT WARNING * * *
Something hits you.
* * * LOW HITPOINT WARNING * * *
The orc wizard mumbles some strange words.
The orc wizard flickers and vanishes!
You can't drink.
You bump into the rock wall.
The orc priest invokes the aid of Beogh against you.
Beogh smites you!
You die...
Kikubaaqudgha rasps: "You have failed me!
Welcome... oblivion!"

#.# #+#
#######.#####.###
#......)........
#.#####..####.######..
#.#....<.....o........
#.#.###...###{#####...
#.#.####..# #S#
#.#.....#.# #.#
#.#.###.#.# #@#
#.#.#.#.#.. #.#
#.#.....#..##.#
#.#.#####..##.#
###'#............
#......####.#.#.#
#.......# #.#
#........... ..#
#......#####


You could see an orc priest and a ball python.

Vanquished Creatures
  3 adders
  An ufetubus (D:4)
  An orc (D:4)
  3 ball pythons (D:1)
  4 endoplasms
  9 goblins
  4 hobgoblins
  8 jackals (D:1)
  2 quokkas
  2 bats
  A frilled lizard (D:1)
  7 kobolds
  3 rats
  A butterfly (D:4)
49 creatures vanquished.

Vanquished Creatures (others)
  184 foxfires
184 creatures vanquished.

Grand Total: 233 creatures vanquished

Notes
Turn   | Place    | Note
-------+----------+-------------------------------------------
     0 | D:1      | Froggeryz the Mummy Fire Elementalist began the quest for
                  | the Orb.
     0 | D:1      | Reached XP level 1. HP: 13/13 MP: 4/4
   274 | D:1      | Found a faded altar of an unknown god.
   283 | D:1      | Became a worshipper of Kikubaaqudgha
   283 | D:1      | Reached * piety under Kikubaaqudgha
   283 | D:1      | Received a gift from Kikubaaqudgha
   379 | D:1      | Reached XP level 2. HP: 19/19 MP: 2/5
   433 | D:1      | Reached skill level 3 in Fire Magic
  1272 | D:1      | Reached XP level 3. HP: 2/24 MP: 0/7
  2182 | D:2      | Reached skill level 4 in Fire Magic
  2631 | D:2      | You fall into a shaft and drop 2 floors!
  2637 | D:4      | Found a staircase to the Ecumenical Temple.
  2655 | Temple   | Entered the Ecumenical Temple
  2771 | D:4      | Reached XP level 4. HP: 25/30 MP: 5/8
  2780 | D:4      | Reached ** piety under Kikubaaqudgha
  3013 | D:4      | Killed from afar by an orc priest

Illustrated notes

Levels and vault maps discovered:
D:1:      onia_arrival_mini_spirals, layout_basic,
          hellmonk_ecumenical_altar_zigzags, corexii_leaking_fountain,
          nrook_uturn
D:2:      layout_basic
D:4:      layout_basic, minmay_temple_entry_butterflies
Temple:   chequers_temple_sunken

Skill      XL: |  1  2  3 |
---------------+----------+-----
Fire Magic     | 3 4 |  4.2
Dodging        | |  1.5
Stealth        | |  1.5
Spellcasting   | |  2.6
Conjurations   | |  0.7

Action                   |  1- 3 |  4- 6 || total
-------------------------+-------+-------++-------
Melee: Staff             |    29 |    13 ||    42
 Cast: Foxfire           |    92 |    10 ||   102
 Stab: Sleeping          |     1 |       ||     1
Armor: Robe              |    17 |     7 ||    24
Dodge: Dodged            |    40 |    13 ||    53

Table legend: (Time is in decaauts)
 A = Elapsed time spent in this place.
 B = Non-inter-level travel time spent in this place.
 C = Inter-level travel time spent in this place.
 D = Time resting spent in this place.
 E = Time spent auto-exploring this place.
 F = Levels seen in this place.
 G = Mean time per level.
                   A        B        C        D        E       F      G
               +--------+--------+--------+--------+--------+-----+--------+
         Total |   3029 |   2996 |     33 |      5 |   2553 |   4 |  757.2 |
       Dungeon |   2968 |   2955 |     13 |      5 |   2553 |   3 |  989.3 |
        Temple |     60 |     40 |     20 |      0 |      0 |   1 |   60.0 |
               +--------+--------+--------+--------+--------+-----+--------+

Top non-repeatable levels by time:
     D:1: 1735 daAuts
     D:2: 898 daAuts
     D:4: 334 daAuts
  Temple: 60 daAuts
